 Dungeon Crawl Stone Soup version 0.26.1-2-gb8aa6d0cf2 (webtiles) character file.

Game seed: 3464302642620584632

405 Delamore the Cudgeller (level 6, 0/40 HPs)
             Began as a Gargoyle Fighter on Feb 9, 2021.
             Was an Initiate of Okawaru.
             Killed by divine providence
             ... invoked by an orc priest
              (9 damage)
             ... on level 7 of the Dungeon.
             The game lasted 00:02:26 (3071 turns).

Delamore the Cudgeller (Gargoyle Fighter)           Turns: 3071, Time: 00:02:26

Health: 0/40       AC: 11    Str: 22    XL:     6   Next: 87%
Magic:  6/6        EV: 11    Int:  8    God:    Okawaru [......]
Gold:   177        SH: 10    Dex:  9    Spells: 5/5 levels left

rFire    . . .     SeeInvis .   a - +0 flail
rCold    . . .     Faith    .   c - +0 kite shield
rNeg     + . .     Spirit   .   b - +0 scale mail
rPois    ∞         Reflect  .   (no helmet)
rElec    +         Harm     .   (no cloak)
rCorr    .         Rampage  .   (no gloves)
Will     .....                  (no boots)
Stlth    ..........             (no amulet)
HPRegen  0.13/turn              r - +4 ring of evasion
MPRegen  0.10/turn              (no ring)

@: no status effects
A: negative energy resistance 1, electricity resistance, unbreathing,
petrification resistance, miasma immunity, AC +4
a: Renounce Religion


You were on level 7 of the Dungeon.
You worshipped Okawaru.
Okawaru was noncommittal.
You visited 2 branches of the dungeon, and saw 6 of its levels.

You collected 177 gold pieces.

Inventory:

Hand Weapons
 a - a +0 flail (weapon)
Armour
 b - a +0 scale mail (worn)
 c - a +0 kite shield (worn)
Jewellery
 r - a +4 ring of evasion (left hand)
Scrolls
 i - a scroll of magic mapping {unknown}
 k - 4 scrolls of identify {unknown}
 m - 2 scrolls of remove curse {unknown}
 p - a scroll of noise {unknown}
 t - a scroll of amnesia {unknown}
 v - a scroll of teleportation {unknown}
Potions
 d - 2 potions of might
 e - 4 potions of curing {unknown}
 f - 2 potions of heal wounds {unknown}
 h - a potion of resistance {unknown}
 j - 2 potions of haste {unknown}
 l - a potion of flight {unknown}
 n - a potion of attraction {unknown}
 o - 2 potions of magic {unknown}
 q - a potion of ambrosia {unknown}
 s - a potion of lignification {unknown}
 u - 2 potions of invisibility {unknown}


   Skills:
 - Level 5.0 Fighting
 + Level 5.1 Maces & Flails
 - Level 3.2 Armour
 - Level 5.0 Shields


You had 5 spell levels left.
You didn't know any spells.
Your spell library was empty.

Dungeon Overview and Level Annotations

Branches:
Dungeon (4/15)             Temple (1/1) D:4

Altars:
Elyvilon
Makhleb
Okawaru
Wu Jian


Innate Abilities, Weirdness & Mutations

You are resistant to torment.
Your stone body is resilient. (AC +4)
You are immune to poison.
You resist negative energy. (rN+)
You are resistant to electric shocks. (rElec)
You can survive without breathing.
You are immune to petrification.
You are immune to miasma.


Message History

You hit the orc warrior but do no damage.
You block the orc's attack. The orc hits you but does no damage.
You hit the orc warrior but do no damage.
You block the orc warrior's attack. The orc hits you but does no damage. x2
You block the orc warrior's attack.
You closely miss the orc warrior. The orc misses you.
The orc warrior hits you with a +0 dire flail!
* * * LOW HITPOINT WARNING * * *
You are too injured to fight recklessly!
You are too injured to fight recklessly!
You are too injured to fight recklessly!
You are too injured to fight recklessly!
You are too injured to fight recklessly!
You are too injured to fight recklessly!
You are too injured to fight recklessly!
You are too injured to fight recklessly!
You see here a ring mail.
The orc priest invokes the aid of Beogh against you.
Beogh smites you!
You die...

### ##### ...##...#
##### ....o...##.#
#...########
##.#o......#
#.#.........
#.oo.#.#####
#...########
#.o###o#########@##
... #.[oo.o.....#
#.. #############
#.. #.. #.. #..


You could see an orc warrior and an orc priest.

Vanquished Creatures
  An ogre (D:4)
  2 bullfrogs (D:7)
  An orc wizard (D:3)
  A gnoll (D:1)
  7 adders
  An ooze (D:3)
  5 dart slugs
  A leopard gecko (D:3)
  9 orcs (D:3)
  4 giant cockroaches
  8 hobgoblins
  4 quokkas
  2 ball pythons
  5 bats
  5 frilled lizards
  9 goblins
  6 kobolds
  8 rats
79 creatures vanquished.

Vanquished Creatures (others)
  2 gnolls (D:7)
  A plant (D:1)
3 creatures vanquished.

Grand Total: 82 creatures vanquished

Notes
Turn   | Place    | Note
-------+----------+-------------------------------------------
     0 | D:1      | Delamore the Gargoyle Fighter began the quest for the Orb.
     0 | D:1      | Reached XP level 1. HP: 14/14 MP: 1/1
   134 | D:1      | Reached XP level 2. HP: 8/19 MP: 2/2
   335 | D:1      | Reached XP level 3. HP: 23/24 MP: 3/3
  1097 | D:2      | Reached XP level 4. HP: 25/29 MP: 4/4
  1658 | D:3      | Reached XP level 5. HP: 28/34 MP: 5/5
  2623 | D:4      | Found a staircase to the Ecumenical Temple.
  2623 | D:4      | Noticed an ogre
  2636 | D:4      | Killed an ogre
  2637 | D:4      | Reached skill level 5 in Fighting
  2637 | D:4      | Reached skill level 5 in Shields
  2637 | D:4      | Reached XP level 6. HP: 10/40 MP: 6/6
  2869 | Temple   | Entered the Ecumenical Temple
  2927 | Temple   | Became a worshipper of Warmaster Okawaru
  2975 | D:4      | You fall into a shaft and drop 3 floors!
  3051 | D:7      | Reached skill level 5 in Maces & Flails
  3051 | D:7      | Noticed an orc warrior
  3071 | D:7      | Killed from afar by an orc priest

Illustrated notes

Levels and vault maps discovered:
D:1:      eino_arrival_water_cross, layout_basic, serial_bayou_pond_d
D:2:      layout_rooms, minmay_split_cup_small
D:3:      layout_loops_ring
D:4:      layout_rooms, lemuel_coloured_pillars_altar, minmay_temple_entry_trees
D:7:      layout_loops_ring, fiery_altar_vehumet, serial_shops,
          nicolae_shop_behind_doors, minmay_lizard_king
Temple:   dpeg_chambers_temple

Skill      XL: |  1  2  3  4  5  6 |
---------------+-------------------+-----
Shields        | 4 5 |  5.0
Fighting       | 4 5 |  5.0
Maces & Flails | 3 4 5 |  5.1
Armour         | |  3.2

Action                   |  1- 3 |  4- 6 || total
-------------------------+-------+-------++-------
Melee: Flail             |   121 |   173 ||   294
Throw: Throwing net      |       |     1 ||     1
Armor: Scale mail        |    98 |    58 ||   156
Dodge: Dodged            |    46 |    61 ||   107
Block: Kite shield       |    85 |    91 ||   176
